 Dungeon Crawl Stone Soup version 0.30.1-8-g117510f58f (webtiles) character file.

Game seed: 5005905711450093302

121 ringo67 the Cudgeller (level 5, -1/46 HPs)
             Began as a Meteoran Reaver on Sept 22, 2023.
             Slain by a gnoll
             ... wielding a +2 spear of pain
              (3 damage)
             ... on level 3 of the Dungeon.
             The game lasted 00:19:02 (918 turns).

ringo67 the Cudgeller (Meteoran Reaver)              Turns: 918, Time: 00:19:05

Health: -1/46      AC:  6    Str: 15    XL:     5   Next: 51%
Magic:  10/10      EV: 11    Int: 15    God:
Gold:   54         SH:  0    Dex: 12    Spells: 8/9 levels left

rFire   + . .        a - +0 mace
rCold   . . .        (no shield)
rNeg    . . .        j - +0 ring mail
rPois   .            l - +0 helmet of Sin {Will+}
rElec   .            (no cloak)
rCorr   .            (no gloves)
SInv    .            (no boots)
Will    +....        (no amulet)
Stlth   +            g - +4 ring of slaying
HPRegen 0.27/turn    m - ring of protection from fire
MPRegen 0.12/turn

%: no passive effects
@: lethally poisoned (-1 -> -18), glowing
A: sense surroundings 1, otherworldly, glowing, explore regen
a: no special abilities


You were on level 3 of the Dungeon.
You visited 1 branch of the dungeon, and saw 3 of its levels.

You collected 54 gold pieces.

Inventory:

Hand Weapons
 a - a +0 mace (weapon)
Armour
 b - a +0 leather armour
 d - a +0 helmet
 j - a +0 ring mail (worn)
 l - the +0 helmet of Sin (worn) {Will+}
   (You took it off Robin on level 2 of the Dungeon)

   Will:      It increases your willpower.
Jewellery
 g - a +4 ring of slaying (left hand)
 m - a ring of protection from fire (right hand)
Scrolls
 c - a scroll of brand weapon {unknown}
 f - a scroll of enchant armour {unknown}
 h - 2 scrolls of identify {unknown}
 i - a scroll of magic mapping {unknown}
 n - a scroll of teleportation {unknown}
Potions
 e - 2 potions of mutation {unknown}
 k - 2 potions of heal wounds {unknown}


   Skills:
 + Level 3.8 Fighting
 + Level 5.5 Maces & Flails
 + Level 1.4 Armour
 + Level 3.0 Dodging
 - Level 2.6 Spellcasting
 - Level 3.6 Conjurations


You had 8 spell levels left.
You knew the following spells:

 Your Spells              Type           Power      Damage    Failure   Level
a - Kiss of Death         Conj/Necr      28%        2d7       19%         1

Your spell library contained the following spells:

 Spells                   Type           Power      Damage    Failure   Level
 Momentum Strike          Conj/Tloc      14%        3d8       28%         2
 Hailstorm                Conj/Ice       7%         3d4       50%         3


Dungeon Overview and Level Annotations

Branches:
Dungeon (3/15) Zot: 859

Altars:

Shops:
D:2 (

Annotations:
D:3 1 transporter, Kurtz's ghost, amateur TeFi


Innate Abilities, Weirdness & Mutations

You passively map a small area around you.
You are easily found by Zot.
You glow in the dark.
You regain HP and MP as you explore.


Message History

You sock the endoplasm!
You kill the endoplasm!
n - a scroll labelled KIORIYMYLA
Found 11 gold pieces, a manual of Long Blades and a blackened bronze ring.
Kurtz's ghost turns its malevolent gaze towards you.
The gnoll shouts!
Found a scroll labelled EBATEY WY XIPI and 25 gold pieces.
The gnoll bouda shouts!
e - 2 smoky orange potions (gained 1)
m - a ring of protection from fire (right hand)
The gnoll shouts!
You hear a shout!
There is a transporter here.
You enter the transporter and appear at another place.
A gnoll comes into view. It is wielding a +2 spear of pain.
The gnoll shouts!
A gnoll opens the door.
The gnoll hits you from afar with a +2 spear of pain.
You open the door.
The gnoll throws a throwing net.
The throwing net barely misses you.
There is an open translucent door here.
A gnoll comes into view. It is wielding a +0 club.
The gnoll shouts!
You see here a +0 sling.
The gnoll hits you from afar with a +2 halberd of venom!
You are poisoned.
You feel very sick.
The gnoll hits you with a +2 halberd of venom!
You are lethally poisoned!
You hit the gnoll.
The gnoll is lightly wounded.
You feel extremely sick.
The gnoll hits you with a +2 halberd of venom.
* * * LOW HITPOINT WARNING * * *
You sock the gnoll!
The gnoll is almost dead.
* * * LOW HITPOINT WARNING * * *
You feel very sick. The gnoll misses you.
The gnoll hits you from afar with a +2 spear of pain.
You die...

J.....≈≈#.#.#.###.©.###.#.#
* ..###.≈≈#...###©#####g###
.. .. #.≈≈###........g...g.
# ..
#.≈≈.8#.######'######.* .#*
#.≈≈.##.#P⌠P#Pg8#W.$#g# ,~~
.# #.~~.#(.'.....©⌠#:.$+ .
.#
#.≈≈.##.#P⌠P#P.8#=.$#.##,~
* .# #.≈≈.8#.######'######
* .## #.≈≈###.)gg.@gg.....
* ..###.≈≈#...###.#####.##
, #..#..≈≈#.#.#.###.©.#*# *
##....≈≈#####.........
##.#.≈≈≈≈≈≈≈≈≈≈≈≈~≈≈≈≈~
#.#.≈≈≈≈≈≈≈≈≈≈≈≈~~~ ≈≈ ~
#.................,, . , ,
##.......##########*
#########


You could see 4 gnolls.

Vanquished Creatures
  Jessica (D:2)
  Robin (D:2)
  2 adders (D:2)
  A dart slug (D:2)
  4 endoplasms
  3 giant cockroaches
  12 goblins
  8 hobgoblins
  4 jackals (D:1)
  10 kobolds
  2 quokkas (D:2)
  3 ball pythons
  2 bats (D:1)
  3 frilled lizards (D:1)
  2 rats
58 creatures vanquished.

Notes
Turn   | Place    | Note
-------+----------+-------------------------------------------
     0 | D:1      | ringo67 the Meteoran Reaver began the quest for the Orb.
     0 | D:1      | Reached XP level 1. HP: 17/17 MP: 5/5
   108 | D:1      | Reached XP level 2. HP: 25/25 MP: 6/6
   249 | D:1      | Reached skill level 1 in Armour
   260 | D:1      | Reached XP level 3. HP: 30/30 MP: 8/8
   486 | D:2      | Found a faded altar of an unknown god.
   492 | D:2      | Noticed Jessica
   505 | D:2      | Reached XP level 4. HP: 32/38 MP: 9/9
   521 | D:2      | Killed Jessica
   522 | D:2      | Reached skill level 5 in Maces & Flails
   562 | D:2      | Reached XP level 5. HP: 46/46 MP: 10/10
   591 | D:2      | Identified the +0 helmet of Sin {Will+}
   591 | D:2      | Noticed Robin
   614 | D:2      | Killed Robin
   654 | D:2      | Found Odon's Weapon Shop.
   678 | D:2      | Upgraded the game from 0.30.1-6-gbe392663c4 to
                  | 0.30.1-8-g117510f58f
   874 | D:3      | Found a transporter.
   874 | D:3      | Found a transporter.
   891 | D:3      | Noticed Kurtz's ghost (amateur TeFi)
   918 | D:3      | HP: 2/46 [poisoned by a gnoll]
   918 | D:3      | Slain by a gnoll

Illustrated notes

Levels and vault maps discovered:
D:1:      psy_arrival_basics, layout_loops_ring
D:2:      wander_river, layout_basic, basic_ecumenical_altar, serial_shops,
          nicolae_shop_peninsula, uniq_jessica, uniq_robin
D:3:      minmay_skewed_foursquare, layout_basic, gammafunk_ghost_gnarly_gnolls

Skill      XL: |  1  2  3  4  5 |
---------------+----------------+-----
Armour         | 1 |  1.4
Fighting       | 3 |  3.8
Maces & Flails | 5 |  5.5
Dodging        | 3 |  3.0
Spellcasting   | |  2.6
Conjurations   | |  3.6

Action                     |  1- 3 |  4- 6 || total
---------------------------+-------+-------++-------
  Melee: Mace              |    65 |    58 ||   123
 Armour: Leather armour    |     6 |       ||     6
         Ring mail         |    19 |    26 ||    45
  Dodge: Dodged            |    20 |    23 ||    43
